Map: World of Sleepers LE

Players

Retjah

  • Race: Zerg Zerg
  • Spawn Location: 1:00

ShoWTimE - Winner!

  • Race: Protoss Protoss
  • League: Grandmaster
  • Spawn Location: 7:00

Event: NationWars 2019

VOD

Have the link to the VOD?

Description

Time

  • Played on: Oct. 11, 2019, 3:33 p.m.
  • Length: 22:54
Show
View Real Time Build Order
Export as new Build Order

Retjah Zerg 

Build Orders: Pool First, Muta Ling Bane 

Get SALT Encoding   

  12  0:00  Drone  
  13  0:12  Overlord  
  13  0:17  Drone  
  14  0:30  Drone x2  
  14  0:34  Drone  
  17  0:44  Extractor  
  17  0:46  Spawning Pool  
  17  0:49  Drone  
  16  0:55  Drone  
  17  1:09  Drone  
  18  1:17  Drone  
  19  1:27  Hatchery  
  19  1:29  Drone  
  19  1:36  Queen  
  21  1:40  Zergling x2  
  21  1:46  Metabolic Boost  
  22  1:53  Overlord  
  22  2:13  Drone x2  
  24  2:21  Zergling x2  
  25  2:23  Lair  
  25  2:33  Zergling x2  
  26  2:40  Queen  
  26  2:41  Drone  
  30  2:44  Zergling x8  
  33  2:55  Zergling x2  
  33  3:05  Drone x2  
  35  3:16  Hatchery  
  34  3:21  Drone x2  
  34  3:26  Overlord  
  36  3:42  Overlord  
  36  3:44  Queen  
  37  3:52  Spore Crawler  
  37  3:53  Spore Crawler  
  37  3:54  Drone x3  
  36  4:06  Drone  
  36  4:08  Drone x6  
  39  4:12  Drone x2  
  41  4:25  Hydralisk Den  
  41  4:27  Queen  
  41  4:30  Spore Crawler  
  41  4:31  Drone  
  41  4:38  Zergling x2, Unknown  
  42  4:42  Overlord x2  
  42  4:58  Grooved Spines  
  42  5:00  Zergling x2  
  42  5:01  Zergling x16  
  42  5:05  Drone x2  
  50  5:08  Drone x2  
  51  5:18  Drone  
  47  5:22  Drone x4  
  47  5:27  Drone x2  
  51  5:29  Drone  
  51  5:34  Extractor  
  51  5:35  Drone x2  
  53  5:37  Drone  
  53  5:40  Drone x2  
  53  5:42  Drone  
  57  5:48  Drone  
  57  5:49  Drone x2  
  57  5:51  Drone  
  57  5:52  Drone  
  57  5:56  Drone x3  
  55  6:05  Drone x2  
  55  6:06  Overlord  
  55  6:07  Overlord  
  57  6:11  Overlord  
  57  6:19  Overlord x2  
  57  6:24  Muscular Augments  
  57  6:25  Evolution Chamber  
  57  6:28  Hydralisk, Drone x3  
  61  6:33  Hydralisk  
  61  6:38  Hydralisk x2  
  67  6:44  Hydralisk x2  
  68  6:48  Drone x2  
  68  6:50  Drone  
  68  6:54  Hydralisk  
  71  7:01  Hydralisk x2  
  72  7:07  Drone x5  
  81  7:22  Drone x7  
  87  7:27  Hydralisk  
  89  7:30  Zerg Missile Weapons Level 1  
  89  7:31  Extractor  
  89  7:33  Zergling x2  
  89  7:35  Extractor  
  89  7:36  Hydralisk  
  88  7:40  Baneling Nest, Drone  
  88  7:41  Drone  
  88  7:43  Zergling x2, Drone  
  93  7:46  Hydralisk, Hatchery  
  94  7:52  Hydralisk x2  
  96  7:59  Hydralisk  
  98  8:09  Spire  
  98  8:10  Drone, Overlord x2  
  98  8:22  Overlord  
  98  8:23  Centrifical Hooks  
  98  8:28  Overlord  
  98  8:29  Drone x5  
  98  8:31  Drone x2  
  98  8:33  Drone  
  98  8:34  Drone  
  107  8:35  Drone  
  107  8:38  Drone x2  
  110  8:44  Hydralisk x2  
  114  8:54  Hydralisk x3  
  114  8:55  Overseer  
  120  9:01  Hydralisk x2  
  124  9:06  Drone  
  124  9:07  Drone x4  
  124  9:09  Drone x2  
  131  9:10  Drone  
  132  9:18  Hydralisk x2  
  132  9:21  Overlord  
  132  9:23  Overlord x2  
  136  9:27  Zerg Melee Weapons Level 1  
  136  9:30  Extractor, Overlord  
  135  9:37  Overlord x2  
  135  9:50  Mutalisk x5  
  135  9:52  Mutalisk  
  145  9:55  Mutalisk  
  145  9:57  Hatchery  
  145  9:59  Mutalisk  
  148  10:04  Zergling x4, Infestation Pit  
  148  10:05  Zergling x6  
  154  10:10  Zergling x12  
  160  10:15  Zergling x10  
  165  10:25  Zergling x8  
  165  10:26  Zergling x12  
  175  10:34  Evolution Chamber, Zergling x2  
  175  10:45  Zergling x18  
  175  10:47  Overlord x4  
  184  10:53  Overlord  
  184  11:02  Baneling x16  
  184  11:03  Baneling x13  
  184  11:04  Overlord  
  184  11:09  Hive  
  182  11:13  Zergling x10  
  182  11:15  Baneling x5  
  187  11:21  Zergling x10  
  192  11:26  Zergling x12  
  192  11:31  Zergling x4  
  200  11:41  Baneling  
  200  11:42  Baneling x23  
  198  11:51  Unknown  
  183  11:58  Zergling x28  
  179  12:08  Zergling x20  
  179  12:12  Zerg Melee Weapons Level 2  
  177  12:15  Corruptor  
  177  12:22  Corruptor x2  
  183  12:27  Baneling x12  
  183  12:32  Corruptor  
  183  12:34  Baneling x8  
  183  12:37  Corruptor  
  183  12:43  Adrenal Glands  
  185  12:50  Zerg Missile Weapons Level 2  
  185  12:53  Corruptor  
  182  12:58  Corruptor  
  182  13:03  Drone x4  
  182  13:04  Greater Spire  
  188  13:06  Drone x3  
  190  13:15  Zergling x26  
  195  13:23  Zergling x8  
  196  13:35  Pathogen Glands  
  192  13:47  Baneling x16  
  192  13:48  Baneling x3  
  192  13:52  Zergling x4  
  192  13:53  Zergling x10  
  192  13:55  Hatchery  
  196  14:05  Zergling x8  
  161  14:28  Zergling x42  
  161  14:29  Zergling x12  
  149  14:34  Hydralisk x2  
  130  14:43  Zergling x8  
  125  14:49  Zerg Flyer Weapons Level 1  
  122  14:57  Drone x4  
  122  14:58  Drone x3  
  122  14:59  Brood Lord x5  
  139  15:03  Corruptor x2  
  143  15:09  Corruptor x2  
  143  15:11  Extractor x2  
  138  15:21  Drone  
  138  15:22  Corruptor, Drone x9  
  148  15:31  Corruptor x2  
  152  15:36  Drone  
  152  15:40  Corruptor x3  
  159  15:54  Corruptor x5  
  169  16:06  Zerg Melee Weapons Level 3  
  169  16:07  Zerg Missile Weapons Level 3  
  169  16:17  Hatchery  
  168  16:23  Brood Lord x3  
  172  16:25  Brood Lord  
  172  16:30  Zergling x4  
  172  16:31  Zergling x20  
  181  16:36  Brood Lord  
  183  16:41  Overseer  
  183  16:47  Mutalisk x3  
  189  16:57  Mutalisk x3  
  195  17:02  Mutalisk  
  195  17:04  Overlord  
  195  17:15  Mutalisk x3  
  196  17:25  Extractor  
  196  17:29  Brood Lord x2, Extractor  
  198  17:36  Mutalisk  
  198  17:40  Spine Crawler  
  198  17:41  Spine Crawler  
  198  17:42  Spine Crawler x3  
  198  17:43  Mutalisk x2, Spine Crawler x3  
  187  17:45  Extractor, Spine Crawler  
  184  17:59  Infestor x2  
  188  18:06  Infestor  
  188  18:12  Infestor  
  180  18:20  Infestor  
  180  18:23  Infestor  
  184  18:27  Spine Crawler  
  184  18:28  Zergling x36  
  184  18:31  Corruptor x2  
  191  18:37  Corruptor  
  191  18:40  Corruptor  
  193  18:46  Corruptor  
  195  18:52  Corruptor  
  197  19:01  Corruptor x2  
  163  19:13  Corruptor x2  
  163  19:14  Corruptor  
  163  19:15  Zergling x28  
  173  19:28  Infestor  
  159  19:46  Corruptor x3  
  159  19:49  Zergling x22  
  168  20:01  Corruptor x3  
  172  20:10  Overseer  
  172  20:11  Overseer x2  
  168  20:16  Overseer x2  
  163  20:22  Drone  
  163  20:23  Drone x2  
  163  20:26  Corruptor  
  168  20:34  Zergling x18  
  175  20:45  Zergling x4  
  175  20:49  Corruptor x2  
  164  21:04  Corruptor  
  164  21:08  Zergling x4  
  164  21:09  Zergling x6  
  158  21:16  Overseer  
  158  21:23  Corruptor  
  149  21:39  Corruptor x2  
  100  22:15  Corruptor  
  88  22:28  Zergling x12  
Show
View Real Time Build Order
Export as new Build Order

ShoWTimE Protoss - Winner!

Build Orders: Oracle Opening 

Get SALT Encoding   

  12  0:00  Probe  
  13  0:12  Probe  
  14  0:19  Pylon  
  14  0:24  Probe  
  15  0:37  Probe (Chrono Boost)  
  15  0:41  Gateway  
  16  0:47  Assimilator, Probe (Chrono Boost)  
  17  0:51  Probe (Chrono Boost)  
  18  1:03  Probe  
  19  1:15  Probe  
  20  1:28  Cybernetics Core  
  20  1:36  Zealot  
  20  1:37  Gateway  
  20  1:39  Probe, Pylon  
  23  1:56  Assimilator  
  23  1:57  Probe  
  24  2:06  Adept (Chrono Boost)  
  26  2:09  Probe  
  27  2:21  Probe  
  28  2:25  Adept  
  28  2:29  Stargate  
  30  2:37  Warp Gate (Chrono Boost)  
  31  2:39  Pylon  
  30  2:48  Adept  
  31  2:55  Shield Battery  
  31  2:57  Pylon  
  31  2:58  Stalker  
  33  3:07  Probe  
  34  3:15  Oracle (Chrono Boost)  
  34  3:18  Gateway  
  35  3:28  Stalker  
  37  3:34  Shield Battery  
  37  3:41  Pylon  
  37  3:56  Oracle  
  40  4:08  Probe  
  41  4:10  Pylon  
  41  4:23  Nexus  
  41  4:25  Probe  
  42  4:36  Adept  
  42  4:38  Probe  
  45  4:46  Adept  
  45  4:48  Adept  
  45  4:50  Probe (Chrono Boost)  
  50  5:01  Pylon  
  50  5:02  Probe (Chrono Boost)  
  51  5:11  Probe (Chrono Boost)  
  52  5:16  Probe  
  53  5:23  Twilight Council  
  47  5:31  Probe (Chrono Boost)  
  47  5:33  Sentry  
  47  5:34  Sentry  
  50  5:36  Probe (Chrono Boost)  
  50  5:42  Robotics Facility  
  52  5:45  Probe (Chrono Boost)  
  52  5:46  Probe (Chrono Boost)  
  53  5:50  Probe (Chrono Boost)  
  53  5:53  Probe  
  52  5:58  Charge (Chrono Boost)  
  52  6:02  Probe  
  53  6:05  Probe, Zealot x2  
  58  6:14  Assimilator, Probe  
  58  6:16  Assimilator  
  58  6:17  Probe  
  60  6:21  Gateway  
  60  6:26  Probe  
  60  6:29  Probe, Pylon  
  60  6:30  Warp Prism (Chrono Boost)  
  62  6:38  Probe  
  65  6:41  Probe  
  66  6:49  Zealot x2  
  66  6:50  Probe  
  66  6:53  Probe  
  70  7:01  Immortal (Chrono Boost)  
  70  7:02  Probe  
  70  7:05  Probe  
  74  7:12  Gateway  
  74  7:14  Templar Archives  
  74  7:15  Probe  
  75  7:17  Probe  
  76  7:25  Zealot x4  
  84  7:30  Robotics Bay  
  84  7:37  Observer  
  85  7:47  Shield Battery  
  85  7:48  Pylon  
  85  7:49  Pylon  
  85  7:54  Robotics Facility  
  85  7:57  Pylon  
  85  8:08  Probe x2  
  85  8:10  Zealot x3, Sentry x2  
  97  8:19  Colossus (Chrono Boost)  
  97  8:27  Nexus, Forge  
  103  8:32  Probe x2, Pylon  
  105  8:41  Pylon  
  105  8:44  Probe  
  106  8:48  Colossus (Chrono Boost)  
  112  8:57  Assimilator  
  112  9:01  Assimilator  
  112  9:08  Colossus  
  112  9:09  Protoss Ground Weapons Level 1 (Chrono Boost)  
  118  9:13  Probe  
  118  9:14  Probe  
  120  9:21  Extended Thermal Lance  
  120  9:26  Probe x2  
  120  9:29  Sentry x2  
  126  9:38  Colossus (Chrono Boost)  
  126  9:42  Pylon  
  132  9:52  Photon Cannon  
  132  9:53  Shield Battery  
  132  9:54  Templar Archives  
  132  10:01  Photon Cannon  
  132  10:07  Immortal (Chrono Boost)  
  132  10:12  Pylon  
  136  10:25  Immortal  
  140  10:30  Nexus  
  140  10:31  Phoenix (Chrono Boost)  
  142  10:35  Photon Cannon  
  142  10:38  Pylon  
  142  10:39  Observer  
  143  10:48  Phoenix (Chrono Boost)  
  145  10:52  Pylon  
  145  10:53  Stalker x2  
  146  10:58  Stalker x2  
  146  11:01  Protoss Ground Weapons Level 2 (Chrono Boost)  
  150  11:04  Phoenix x2 (Chrono Boost), Shield Battery  
  150  11:05  Phoenix (Chrono Boost)  
  152  11:12  High Templar  
  152  11:15  Gateway  
  152  11:18  Pylon, High Templar  
  156  11:22  Archon  
  156  11:26  Phoenix  
  156  11:28  High Templar x2  
  156  11:32  Shield Battery  
  162  11:33  Archon  
  162  11:34  Shield Battery  
  162  11:35  Shield Battery  
  162  11:43  Gateway  
  162  11:45  Gateway, Sentry  
  164  11:47  Sentry  
  162  11:57  Probe x3  
  162  12:00  Zealot  
  153  12:02  Probe  
  152  12:09  Probe  
  152  12:14  High Templar x2  
  153  12:17  Probe x3  
  153  12:19  Archon  
  153  12:22  Probe  
  157  12:24  Unknown  
  157  12:29  Probe x3  
  160  12:30  Pylon, Cybernetics Core  
  160  12:34  Probe  
  161  12:37  High Templar x3  
  161  12:41  Probe x2, High Templar  
  161  12:42  Archon  
  171  12:48  Photon Cannon  
  171  12:55  Photon Cannon  
  171  12:56  Archon  
  171  12:58  High Templar  
  171  12:59  Zealot x2, High Templar  
  171  13:01  Probe x3  
  171  13:02  Archon  
  182  13:12  Blink (Chrono Boost)  
  182  13:13  Zealot x3  
  182  13:18  Nexus  
  182  13:19  Pylon  
  178  13:24  High Templar  
  178  13:25  High Templar  
  178  13:26  Protoss Ground Weapons Level 3 (Chrono Boost)  
  182  13:29  Gateway  
  182  13:31  Gateway  
  182  13:33  Warp Prism (Chrono Boost)  
  182  13:34  Pylon  
  182  13:38  Archon  
  182  13:39  Archon x5  
  182  13:40  Archon  
  176  13:43  Zealot, High Templar x2  
  176  13:46  Archon  
  182  13:51  Archon  
  182  14:02  Zealot x5  
  192  14:06  Zealot  
  192  14:17  Fleet Beacon  
  192  14:19  Stargate  
  192  14:22  Stargate  
  192  14:24  Protoss Air Weapons Level 1 (Chrono Boost)  
  176  14:28  Zealot x7  
  134  14:36  Probe x3  
  107  14:39  High Templar  
  107  14:41  Immortal (Chrono Boost)  
  107  14:43  Immortal (Chrono Boost)  
  107  14:52  Assimilator, High Templar x3  
  109  14:56  Archon  
  109  14:57  Assimilator, Zealot x2, Archon  
  111  15:02  High Templar  
  111  15:03  High Templar  
  115  15:07  Archon  
  115  15:10  Zealot x2  
  119  15:14  Zealot  
  121  15:22  High Templar x2  
  121  15:24  Probe x2  
  121  15:25  Probe  
  121  15:28  Archon  
  128  15:29  Immortal x2 (Chrono Boost)  
  136  15:39  Zealot x5  
  136  15:40  Zealot x3  
  152  15:48  Psionic Storm  
  152  15:50  Tempest (Chrono Boost)  
  152  15:51  Tempest (Chrono Boost)  
  152  15:55  Pylon  
  162  16:03  Protoss Shields Level 1 (Chrono Boost)  
  162  16:07  Zealot x5  
  162  16:08  Zealot  
  174  16:13  High Templar  
  174  16:18  High Templar  
  174  16:27  Zealot x2  
  174  16:28  High Templar  
  174  16:30  Nexus  
  168  16:32  Zealot x3  
  168  16:33  Pylon  
  168  16:36  High Templar  
  176  16:43  Photon Cannon  
  176  16:45  Photon Cannon  
  176  16:46  Tempest  
  179  16:58  Pylon, Shield Battery  
  179  17:01  Shield Battery  
  179  17:05  Zealot x2  
  179  17:06  Zealot x4  
  179  17:08  Protoss Air Weapons Level 2 (Chrono Boost), Zealot  
  191  17:15  Zealot x3  
  191  17:25  Mothership (Chrono Boost)  
  199  17:34  Photon Cannon  
  199  17:36  Photon Cannon  
  199  17:39  Photon Cannon  
  199  17:41  Shield Battery  
  197  17:47  Tempest x2  
  191  18:02  Zealot x4  
  191  18:03  Stalker  
  197  18:07  Stalker  
  197  18:11  Probe  
  198  18:20  Stalker  
  198  18:21  Stalker  
  198  18:24  Protoss Shields Level 2 (Chrono Boost)  
  189  18:30  Tempest  
  189  18:32  Stalker x7  
  195  18:43  Tempest  
  200  18:55  Assimilator  
  200  18:59  Assimilator  
  200  19:06  Zealot x2  
  200  19:07  Zealot x3  
  198  19:10  Zealot  
  198  19:14  Oracle  
  193  19:20  High Templar x4  
  199  19:38  Zealot x6  
  193  19:42  Dark Shrine  
  193  19:46  Disruptor x2 (Chrono Boost)  
  193  19:56  High Templar x4  
  197  20:00  Archon x2  
  193  20:16  Disruptor (Chrono Boost)  
  182  20:24  Disruptor (Chrono Boost)  
  185  20:31  Zealot x6  
  185  20:32  Zealot  
  197  20:46  Disruptor (Chrono Boost)  
  182  20:52  Zealot x7  
  182  20:55  Nexus  
  182  20:56  Disruptor (Chrono Boost)  
  196  20:58  Pylon  
  197  21:13  Disruptor  
  197  21:16  Unknown  
  200  21:23  Nexus  
  200  21:26  Pylon  
  200  21:33  Assimilator  
  200  21:39  Assimilator  
  175  22:19  Stalker x4  
  175  22:20  Stalker x6  
Tags
 
Add a new tag
Caveats
  • Supply blocks, unpowered buildings, or Contaminate may cause inaccurate times.
  • Supply counts are checked every 10 seconds.